 Dungeon Crawl Stone Soup version 0.31-a0-1074-g0b22e4e0f1 (webtiles) character file.

Game seed: 3591190931002952991

2058 lunkers the Grappler (level 9, -1/96 HPs)
             Began as a Meteoran Shapeshifter on Nov 30, 2023.
             Was an Elder of Qazlal.
             Slain by a wight
             ... wielding a +2 great sword
              (7 damage)
             ... on level 7 of the Dungeon.
             The game lasted 00:06:30 (2522 turns).

lunkers the Grappler (Meteoran Shapeshifter)        Turns: 2522, Time: 00:06:31

Health: -1/96      AC: 24    Str: 20    XL:     9   Next: 78%
Magic:  15/15      EV:  2    Int: 12    God:    Qazlal [****..]
Gold:   258        SH:  5    Dex: 14    Spells: 8/8 levels left

rFire   . .          .
                       - Unarmed
rCold   . . .        (no shield)
rNeg    . . .        g - melded +1 plate armour {rC+}
rPois   +            (helmet currently unavailable)
rElec   .            (cloak currently unavailable)
rCorr   .            (gloves currently unavailable)
SInv    .            (boots currently unavailable)
Will    +....        (no amulet)
Stlth   +            v - +5 ring of evasion
HPRegen 0.36/turn    (no ring)
MPRegen 0.14/turn

%: repel missiles
@: tree-form, glowing
A: stationary, stasis, torment immunity, boosted hp, sense surroundings 2,
otherworldly, glowing, explore regen
a: Renounce Religion, Upheaval, Elemental Force


You were on level 7 of the Dungeon.
You worshipped Qazlal.
Qazlal was greatly pleased with you.
You were a tree.
You visited 1 branch of the dungeon, and saw 7 of its levels.

You collected 258 gold pieces.

Inventory:

Armour
 a - a +0 animal skin
 g - a +1 plate armour of cold resistance (melded)
 m - a +0 helmet
 r - a +0 pair of gloves
Jewellery
 v - a +5 ring of evasion (left branch)
Talismans
 c - a beast talisman
 d - a flux talisman
Wands
 l - a wand of flame (10)
 y - a wand of roots (6)
Scrolls
 e - a scroll of identify
 j - a scroll of amnesia
 k - 2 scrolls of teleportation
 s - a scroll of immolation {unknown}
 t - a scroll of enchant weapon {unknown}
 u - a scroll of fog {unknown}
 x - 2 scrolls of blinking {unknown}
 z - a scroll of butterflies {unknown}
Potions
 f - a potion of heal wounds {unknown}
 h - a potion of magic {unknown}
 i - 4 potions of curing
 n - a potion of attraction {unknown}
 o - a potion of berserk rage {unknown}
 p - 3 potions of degeneration {unknown}
 q - a potion of invisibility {unknown}
 w - a potion of resistance {unknown}


   Skills:
 - Level 1.1 Fighting
 - Level 2.1 Dodging
 * Level 10.9 Unarmed Combat
 + Level 7.1 Invocations
 + Level 7.5 Shapeshifting


You had 8 spell levels left.
You didn't know any spells.
Your spell library contained the following spells:

 Spells                   Type           Power      Damage    Failure   Level
 Ignite Poison            Fire/Tmut/Pois 0%         N/A       69%         3
 Sticky Flame             Conj/Fire      0%         2d3       97%         4
 Iskenderun's Battlesphe  Conj           0%         2d6       100%        5
 Bombard                  Conj/Erth      0%         9d1       100%        6
 Spellforged Servitor     Conj/Summ      0%         N/A       100%        7
 Ignition                 Fire           0%         3d3       100%        8


Dungeon Overview and Level Annotations

Branches:
Dungeon (7/15) Zot: 1728   Temple (0/1) D:4

Altars:
Qazlal
Ru


Innate Abilities, Weirdness & Mutations

You are a tree.
Your roots penetrate the ground, keeping you stationary.
You cannot be teleported.
You are immune to unholy pain and torment.
Your maximum health is greatly increased.
Your equipment is partially melded.
You passively map the area around you.
You are easily found by Zot.
You glow in the dark.
You regain HP and MP as you explore.


Message History

Your transformation has ended.
You turn into a tree.
Your +1 plate armour of cold resistance melds into your body.
You feel less resistant to cold.
Your roots penetrate the ground.
You feel sick.
The water moccasin bites you but does no damage. x2
You smack the water moccasin!
Your punch misses the water moccasin.
The water moccasin is severely wounded.
The water moccasin bites you but does no damage.
You smack the water moccasin!
You kill the water moccasin!
Qazlal accepts your kill.
You feel sick.
Your life force feels restored.
You completely miss the wight.
The wight is lightly damaged.
You feel sick. The wight barely misses you.
You smack the wight!
The wight is severely damaged.
You feel sick.
You barely miss the wight.
The wight is severely damaged.
You feel sick.
You are no longer poisoned.
The wight hits you with a +3 long sword of freezing.
* * * LOW HITPOINT WARNING * * *
The wight freezes you.
* * * LOW HITPOINT WARNING * * *
Unknown command.
Unknown command.
You hit the wight but do no damage.
The wight is severely damaged.
The wight hits you but does no damage.
You smack the wight!
You destroy the wight!
Qazlal accepts your kill.
You smack the wight!
The wight is almost destroyed.
The wight hits you with a +2 great sword!
You die...

, .....
#.....†..# ,
...#, #........#
*###
####.....#######
* #............ ,
,##...........
#...{....... *
####z####### ###
#z# ****
#.#####♣# *
#....##.# ** ,
##...##.#########
##.............#
**, , ~
#.....#######.#
#.+ ~ #####.# #.#
., , , ####.# #.#
* , , ,##....#
#.# ,,, ##..####
#.#


You could see 2 wights.

Vanquished Creatures
  2 water moccasins
  2 ice beasts
  An orc warrior (D:7)
  An ogre (D:5)
  A phantom (D:5)
  A bullfrog (D:7)
  2 scorpions
  13 wights
  An orc priest (D:5)
  3 hounds
  A gnoll bouda (D:6)
  4 iguanas
  A sleepcap (D:5)
  Natasha (D:4)
  Terence (D:2)
  3 orc wizards (D:5)
  Robin (D:2)
  3 gnolls (D:6)
  An adder (D:5)
  2 white imps
  A worm (D:4)
  A dart slug (D:4)
  26 orcs
  An endoplasm (D:4)
  2 giant cockroaches (D:1)
  11 goblins
  7 hobgoblins
  7 jackals
  A quokka (D:1)
  5 ball pythons
  A frilled lizard (D:1)
  2 kobolds
  6 rats
116 creatures vanquished.

Notes
Turn   | Place    | Note
-------+----------+-------------------------------------------
     0 | D:1      | lunkers the Meteoran Shapeshifter began the quest for the
                  | Orb.
     0 | D:1      | Reached XP level 1. HP: 16/16 MP: 2/2
    94 | D:1      | Reached XP level 2. HP: 18/23 MP: 3/3
   184 | D:1      | Reached skill level 4 in Unarmed Combat
   240 | D:1      | Found a faded altar of an unknown god.
   260 | D:1      | Prayed at the altar of an unknown god.
   260 | D:1      | Became a worshipper of Qazlal Stormbringer
   260 | D:1      | Reached * piety under Qazlal
   403 | D:2      | Reached XP level 3. HP: 27/28 MP: 4/4
   417 | D:2      | Noticed Robin
   446 | D:2      | Noticed Terence
   449 | D:2      | Killed Robin
   450 | D:2      | Reached XP level 4. HP: 15/35 MP: 5/5
   458 | D:2      | Killed Terence
   459 | D:2      | Reached skill level 5 in Unarmed Combat
   649 | D:3      | Reached ** piety under Qazlal
   668 | D:3      | Reached XP level 5. HP: 40/40 MP: 6/6
   859 | D:4      | Noticed Natasha
   876 | D:4      | Killed Natasha
   877 | D:4      | Reached skill level 1 in Invocations
   892 | D:4      | Noticed an ice beast
   907 | D:4      | Killed an ice beast
   908 | D:4      | Reached skill level 6 in Unarmed Combat
   908 | D:4      | Reached XP level 6. HP: 41/47 MP: 6/8
  1051 | D:4      | Reached skill level 5 in Shapeshifting
  1154 | D:4      | Found a staircase to the Ecumenical Temple.
  1258 | D:4      | Reached XP level 7. HP: 41/52 MP: 10/10
  1267 | D:5      | Entered Level 5 of the Dungeon
  1279 | D:5      | Found a sacrificial altar of Ru.
  1281 | D:5      | Reached skill level 7 in Unarmed Combat
  1389 | D:5      | Reached *** piety under Qazlal
  1432 | D:5      | Reached XP level 8. HP: 53/59 MP: 12/12
  1637 | D:5      | Reached skill level 8 in Unarmed Combat
  1648 | D:5      | Identified the +0 flail of Antique Forgiveness {holy, *Slow
                  | rF+ MP+9 SInv}
  1713 | D:6      | Reached skill level 5 in Invocations
  1732 | D:6      | Reached skill level 9 in Unarmed Combat
  1838 | D:6      | Gained mutation: You passively map the area around you.
                  | [Meteoran growth]
  1838 | D:6      | Reached XP level 9. HP: 49/64 MP: 14/14
  1936 | D:6      | Reached skill level 10 in Unarmed Combat
  2286 | D:7      | Reached **** piety under Qazlal
  2522 | D:7      | Slain by a wight

Illustrated notes

Levels and vault maps discovered:
D:1:      wheals_arrival_shading, layout_rooms,
          shapermc_ecumenical_altar_totnotflames
D:2:      layout_loops_ring, uniq_terence, uniq_robin
D:3:      layout_basic, gammafunk_temple_overflow_wave, uniq_sigmund
D:4:      layout_basic, minmay_temple_entry_slanted, palyth_stone_intersect,
          uniq_natasha
D:5:      layout_basic, lemuel_round_altar
D:6:      layout_basic, chequers_serial_rivers_large_a
D:7:      layout_basic, serial_library, serial_library_hellmonk_junction,
          serial_library_hellmonk_small_alcove,
          serial_library_regret_index_headful,
          serial_library_hellmonk_metal_room,
          serial_library_regret_index_split_case,
          serial_library_hellmonk_hallway_b,
          serial_library_hellmonk_double_dead_end,
          serial_library_hellmonk_recessed_alcove,
          serial_library_hellmonk_room_c, serial_library_hellmonk_small_corner,
          serial_library_hellmonk_room_a, kennysheep_generic_room_3

Skill      XL: |  1  2  3  4  5  6  7  8  9 |
---------------+----------------------------+-----
Unarmed Combat | 4 5 6 7 9 10 | 10.9
Shapeshifting  | 4 5 6 7 |  7.5
Invocations    | 2 3 4 5 7 |  7.1
Fighting       | |  1.1
Dodging        | |  2.1

Action                     |  1- 3 |  4- 6 |  7- 9 || total
---------------------------+-------+-------+-------++-------
  Melee: Unarmed           |    60 |   101 |   212 ||   373
         Punch             |     3 |     3 |    13 ||    19
    Use: Potion            |       |     1 |     1 ||     2
         Scroll            |       |       |     6 ||     6
 Armour: Animal skin       |     7 |       |       ||     7
         Plate armour      |    40 |    75 |   137 ||   252
         Skin              |       |     4 |     6 ||    10
  Dodge: Dodged            |    15 |    18 |    55 ||    88
  Block: Other             |     3 |    11 |    19 ||    33

Table legend: (Time is in decaauts)
 A = Elapsed time spent in this place.
 B = Non-inter-level travel time spent in this place.
 C = Inter-level travel time spent in this place.
 D = Time resting spent in this place.
 E = Time spent auto-exploring this place.
 F = Levels seen in this place.
 G = Mean time per level.
                   A        B        C        D        E       F      G
               +--------+--------+--------+--------+--------+-----+--------+
         Total |   2470 |   2447 |     23 |     34 |   1625 |   7 |  352.9 |
       Dungeon |   2470 |   2447 |     23 |     34 |   1625 |   7 |  352.9 |
               +--------+--------+--------+--------+--------+-----+--------+

Top non-repeatable levels by time:
     D:4: 464 daAuts
     D:6: 429 daAuts
     D:5: 407 daAuts
     D:7: 383 daAuts
     D:1: 363 daAuts
     D:2: 230 daAuts
     D:3: 191 daAuts
